 Dungeon Crawl Stone Soup version 0.18.1-50-g88ac8fd (webtiles) character file.

1453 manyhoops the Basher (level 8, -11/88 HPs)
             Began as an Ogre Hunter on Oct 27, 2016.
             Was a Believer of Okawaru.
             Mangled by Blork the orc
             ... wielding a +0 dire flail
              (16 damage)
             ... on level 6 of the Dungeon.
             The game lasted 00:11:09 (7070 turns).

manyhoops the Basher (Ogre Hunter)                  Turns: 7070, Time: 00:11:10

Health: -11/88     AC:  4    Str: 20    XL:     8   Next: 75%
Magic:  8/8        EV: 10    Int: 10    God:    Okawaru [**....]
Gold:   230        SH:  0    Dex: 10    Spells: 0 memorised, 7 levels left

rFire  x . .     SeeInvis .     D - +0 giant spiked club
rCold  + . .     Gourm    .     b - +0 robe
rNeg   . . .     Faith    .     (shield currently unavailable)
rPois  +         Spirit   .     (helmet restricted)
rElec  .         Dismiss  .     y - +0 cloak
rCorr  .         Reflect  .     (gloves unavailable)
SustAt .         Harm     +     (boots unavailable)
MR     .....                    G - amulet of harm
Stlth  +.........               h - ring of poison resistance
                                v - ring of ice

@: not resistant to hostile enchantments, very unstealthy
A: unfitting armour, tough skin 1
a: Heroism, Renounce Religion


You were on level 6 of the Dungeon.
You worshipped Okawaru.
Okawaru was pleased with you.
You were not hungry.

You visited 2 branches of the dungeon, and saw 7 of its levels.
You also visited: Sewer.

You collected 230 gold pieces.

Inventory:

Hand Weapons
 B - a +0 hunting sling
 D - a +0 giant spiked club (weapon)
Missiles
 q - 229 stones (quivered)
Armour
 b - a +0 robe (worn)
 y - a +0 cloak (worn)
Jewellery
 h - a ring of poison resistance (right hand)
 v - a ring of ice (left hand)
 G - an amulet of harm (around neck)
Wands
 a - a wand of random effects (25/48)
 k - a wand of iceblast (4/15)
Scrolls
 i - 5 scrolls of remove curse
 l - 2 scrolls of recharging
 m - 2 scrolls of teleportation {unknown}
 n - 4 scrolls of fog {unknown}
 o - a scroll of magic mapping {unknown}
 s - 2 scrolls of amnesia {unknown}
 t - 3 scrolls of enchant weapon
 x - 2 scrolls of noise {unknown}
 z - 2 scrolls of random uselessness {unknown}
 C - a scroll of immolation {unknown}
Potions
 e - 2 potions of curing
 j - a potion of heal wounds
 p - a potion of cure mutation
 r - a potion of brilliance
 u - a potion of ambrosia
 w - a potion of agility {unknown}
 A - 2 potions of might {unknown}
 F - a potion of degeneration {unknown}
Comestibles
 f - 4 bread rations
 g - 2 beef jerkies
 E - a meat ration


   Skills:
 + Level 7.9 Fighting
 * Level 10.1 Maces & Flails
 + Level 5.6 Throwing
 - Level 1.7 Dodging
 - Level 0.7 Stealth


You had 7 spell levels left.
You didn't know any spells.

Dungeon Overview and Level Annotations

Branches:
Dungeon (6/15)             Temple (1/1) D:4

Altars:
Ashenzari
Cheibriados
Dithmenos
Elyvilon
Fedhas
Kikubaaqudgha
Makhleb
Okawaru
Qazlal
Ru
Trog
Xom
Yredelemnul
Zin
The Shining One

Annotations:
D:6 Blork the orc


Innate Abilities, Weirdness & Mutations

You are too large for most types of armour.
You have tough skin (AC +1).


Message History

The puff of flame misses you. Something hits you but does no damage.
You barely miss something. Something hits you! Something hits you.
You hit something. Something hits you!
* * * LOW HITPOINT WARNING * * *
Something hits you!!
* * * LOW HITPOINT WARNING * * *
You feel much better. Something hits you.
You miss something. Something hits you.
* * * LOW HITPOINT WARNING * * *
You hear some strange, mumbled words.
A puff of flame appears from out of thin air!
The puff of flame hits you! The fire burns you terribly!
* * * LOW HITPOINT WARNING * * *
You closely miss something.
You hear some strange, mumbled words.
A puff of frost appears from out of thin air!
The puff of frost hits you! You resist.
* * * LOW HITPOINT WARNING * * *
Something hits you!
You die...

#.........
#(.(.
#.........
#..(
#.........
#...
#.........
#..
##########
#.. # #(#
# #{# #
#@# # #.#
# #.# #.#
#.# #.#
####.#
#....#
#.#### ##


There were no monsters in sight!

Vanquished Creatures
  An orc warrior (D:6)
  An ice beast (D:5)
  3 ogres
  A centaur (D:5)
  4 giant frogs
  A wyvern skeleton (D:4)
  2 howler monkeys (D:5)
  4 crimson imps (D:5)
  A centaur zombie (D:5)
  An orc wizard (D:6)
  2 orc priests (D:6)
  An iguana (D:5)
  3 worker ants
  8 adders
  A river rat (D:5)
  4 worms
  2 dart slugs
  8 giant geckos
  7 orcs (D:6)
  2 bats
  14 giant cockroaches
  11 hobgoblins
  5 jackals (D:4)
  4 kobolds
  3 quokkas
  2 ball pythons (Sewer)
  13 giant newts
  9 goblins
  8 rats
126 creatures vanquished.

Notes
Turn   | Place    | Note
--------------------------------------------------------------
     0 | D:1      | manyhoops the Ogre Hunter began the quest for the Orb.
     0 | D:1      | Reached XP level 1. HP: 22/22 MP: 1/1
    82 | D:1      | Reached XP level 2. HP: 15/29 MP: 2/2
   669 | D:1      | Reached XP level 3. HP: 33/37 MP: 3/3
  1089 | D:2      | Reached skill level 5 in Throwing
  1629 | D:2      | Reached skill level 1 in Maces & Flails
  1820 | D:3      | Reached XP level 4. HP: 45/45 MP: 4/4
  2637 | D:3      | Found a bloodstained altar of Trog.
  2654 | D:3      | Reached skill level 2 in Maces & Flails
  2788 | D:3      | Reached XP level 5. HP: 19/54 MP: 5/5
  3099 | D:4      | Reached skill level 3 in Maces & Flails
  3318 | D:4      | Found a staircase to the Ecumenical Temple.
  3356 | Temple   | Entered the Ecumenical Temple
  3409 | Temple   | Became a worshipper of Warmaster Okawaru
  3568 | D:4      | Found a shattered altar of Ashenzari.
  3573 | D:4      | Noticed an ogre
  3618 | D:4      | Killed an ogre
  3618 | D:4      | Reached skill level 5 in Fighting
  3618 | D:4      | Reached skill level 4 in Maces & Flails
  3618 | D:4      | Reached XP level 6. HP: 47/66 MP: 6/6
  3894 | D:4      | Reached skill level 5 in Maces & Flails
  4071 | D:4      | Found a basalt altar of Yredelemnul.
  4198 | D:4      | Found a stormy altar of Qazlal.
  4200 | D:4      | Found a sacrificial altar of Ru.
  4422 | D:5      | Entered Level 5 of the Dungeon
  4481 | D:5      | Reached * piety under Okawaru
  4481 | D:5      | Reached skill level 6 in Maces & Flails
  4481 | D:5      | Reached XP level 7. HP: 74/74 MP: 7/7
  4574 | D:5      | Found a glowing golden altar of the Shining One.
  4646 | D:5      | Found a shimmering altar of Xom.
  4764 | D:5      | Found a bloodstained altar of Trog.
  4820 | D:5      | Reached skill level 7 in Maces & Flails
  5028 | D:5      | Found a glowing drain.
  5057 | Sewer    | Entered a sewer
  5373 | Sewer    | Reached skill level 8 in Maces & Flails
  5373 | Sewer    | Reached XP level 8. HP: 74/84 MP: 8/8
  5382 | Sewer    | Reached ** piety under Okawaru
  5544 | D:5      | HP: 4/87 [poisoned by a worker ant]
  5549 | D:5      | HP: 2/87 [poisoned by a worker ant]
  5554 | D:5      | HP: 1/87 [poisoned by a worker ant]
  5561 | D:5      | HP: 1/87 [poisoned by a worker ant]
  5569 | D:5      | HP: 1/87 [poisoned by a worker ant]
  5689 | D:5      | Reached skill level 9 in Maces & Flails
  6642 | D:6      | Reached skill level 10 in Maces & Flails
  7049 | D:6      | Noticed Blork the orc
  7067 | D:6      | HP: 4/88 [something (22)]
  7070 | D:6      | Mangled by Blork the orc

Skill      XL: |  1  2  3  4  5  6  7  8 |
---------------+-------------------------+-----
Fighting       | 3 5 6 7 |  7.9
Throwing       | 5 |  5.6
Maces & Flails | 1 2 4 6 8 10 | 10.1
Dodging        | |  1.7
Stealth        | |  0.7

Action                   |  1- 3 |  4- 6 |  7- 9 || total
-------------------------+-------+-------+-------++-------
Melee: Short sword       |    69 |       |       ||    69
       Mace              |    64 |    96 |       ||   160
       Giant club        |       |    41 |       ||    41
       Giant spiked club |       |       |   214 ||   214
Throw: Large rock        |    12 |    11 |    16 ||    39
       Throwing net      |       |     2 |     2 ||     4
       Stone             |       |       |     5 ||     5
  Use: Potion            |       |     3 |     2 ||     5
       Scroll            |       |     5 |     2 ||     7
 Stab: Sleeping          |     1 |       |       ||     1
       Held in net/web   |       |     1 |     1 ||     2
  Eat: Chunk             |     3 |     2 |     6 ||    11
       Meat ration       |       |     1 |       ||     1
       Fruit             |       |       |     5 ||     5
Armor: Robe              |    39 |    46 |    81 ||   166
Dodge: Dodged            |    72 |   116 |   146 ||   334
